 Dungeon Crawl Stone Soup version 0.31-a0-472-g43a2ca8e1b (webtiles) character file.

Game seed: 4597609788396384840

278 Ethylacetat the Changeling (level 6, -8/42 HPs)
             Began as an Octopode Shapeshifter on Aug 6, 2023.
             Was an Initiate of Gozag.
             Mangled by Sigmund
             ... wielding a +3 scythe of protection
              (12 damage)
             ... on level 4 of the Dungeon.
             The game lasted 00:04:03 (2789 turns).

Ethylacetat the Changeling (Octopode Shapeshifter)  Turns: 2789, Time: 00:04:04

Health: -8/42      AC:  1    Str: 15    XL:     6   Next: 26%
Magic:  6/6        EV: 13    Int: 10    God:    Gozag
Gold:   401        SH:  0    Dex: 14    Spells: 5/5 levels left

rFire   . .          .
                       - Unarmed
rCold   . . .        (no shield)
rNeg    . . .        (helmet currently unavailable)
rPois   .            (no amulet)
rElec   .            (no ring)
rCorr   .            (no ring)
SInv    .            (no ring)
Will    +....        (no ring)
Stlth   ++           (no ring)
HPRegen 0.27/turn    (no ring)
MPRegen 0.10/turn    (no ring)
                     (no ring)

%: no passive effects
@: mighty, beast-form, attractive, enlightened, flying
A: beast (slay +3), almost no armour, amphibious, 8 rings, camouflage 1,
gelatinous body 1, (nimble swimmer 1), tentacles
a: Begin Untransformation, Renounce Religion, Potion Petition, Call Merchant,
Bribe Branch


You were on level 4 of the Dungeon.
You worshipped Gozag.
Gozag was aware of your devotion.
You were a hulking beast.
You visited 1 branch of the dungeon, and saw 4 of its levels.

You collected 401 gold pieces.

Inventory:

Talismans
 b - a beast talisman (active)
Wands
 a - a wand of polymorph (10)
 p - a wand of flame (9)
Scrolls
 d - 4 scrolls of identify {unknown}
 e - a scroll of blinking {unknown}
 f - a scroll of butterflies {unknown}
 h - a scroll of poison {unknown}
 i - a scroll of enchant weapon {unknown}
 k - 4 scrolls of amnesia {unknown}
 n - a scroll of acquirement {unknown}
Potions
 c - 2 potions of berserk rage


   Skills:
 + Level 3.0 Fighting
 - Level 2.0 Dodging
 + Level 4.2 Unarmed Combat
 * Level 4.7 Shapeshifting


You had 5 spell levels left.
You didn't know any spells.
Your spell library contained the following spells:

 Spells                   Type           Power      Damage    Failure   Level
 Apportation              Tloc           0%         N/A       36%         1
 Freeze                   Ice            0%         1d3       36%         1
 Necrotise                Necr           0%         1d4       36%         1
 Sandblast                Erth           0%         2d4       36%         1
 Summon Small Mammal      Summ           0%         N/A       36%         1
 Ensorcelled Hibernation  Hex/Ice        0%         N/A       50%         2
 Passwall                 Tmut/Erth      0%         N/A       50%         2
 Frozen Ramparts          Ice            0%         1d1       75%         3
 Hailstorm                Conj/Ice       0%         3d3       75%         3
 Stone Arrow              Conj/Erth      0%         3d7       75%         3
 Swiftness                Air            0%         N/A       75%         3


Dungeon Overview and Level Annotations

Branches:
Dungeon (4/15)             Temple (0/1) D:4

Altars:
Gozag

Shops:
D:1 ((*

Annotations:
D:3 1 runed translucent door, Crazy Yiuf
D:4 Sigmund


Innate Abilities, Weirdness & Mutations

You are a hulking beast.
Your limbs bulge with bestial killing power. (Slay +3)
You cannot wear most types of armour.
You are amphibious.
You can wear up to eight rings at the same time.
Your skin changes colour to match your surroundings (Stealth+).
Your rubbery body absorbs attacks. (AC +1, EV +1)
((You are camouflaged when in or above water. (Stealth+)))
You have tentacles for arms and can constrict up to eight enemies at once.


Message History

3 poisoned darts; a +0 dagger Sigmund the Dreaded comes into view.
He is wielding a +3 scythe of protection.
There is a stone staircase leading up here.
Found a tourmaline ring.
Sigmund misses you.
Sigmund gestures wildly while chanting.
Sigmund flickers and vanishes!
Deactivating autopickup; reactivate with Ctrl-A.
No target in view!
No target in view!
You tentacle-slap something but do no damage.
You closely miss something.
You hear some strange, mumbled words.
A puff of flame appears from out of thin air!
The puff of flame hits you!
You tentacle-slap something. Something hits you!
You tentacle-slap something but do no damage.
You hear some strange, mumbled words.
A puff of flame appears from out of thin air!
The puff of flame hits you!
* * * LOW HITPOINT WARNING * * *
It was a potion of curing.
You feel better.
You hear some strange, mumbled words.
You are confused.
It was a potion of attraction.
You feel attractive to monsters. Something hits you!
* * * LOW HITPOINT WARNING * * *
It was a potion of might.
You feel very mighty all of a sudden.
You feel better. Something hits you!
* * * LOW HITPOINT WARNING * * *
It was a potion of magic.
Magic courses through your body.
You hear some strange, mumbled words.
Something tries to affect you, but you resist.
It was a potion of enlightenment.
You feel very buoyant.
You fly up into the air.
Something hits you!
You die...
Your body crumbles into a pile of gold.

#.....### #.......#8.8##... ..
#.....#.#...##... ...
#####...#8.8#...####...
###.#...##.........
###♣.8#.......... #...#.#........
##### #8.8#...{...... ###..)##
#.[.#..h......= ..
....>..###♣)8#.......... ..
).......##.))#.........# #.. ##
......#..#8)8#.<.......# #.# .#
........##...#.........####.###.#
.....###..#(#..........#........#
.....#...##............#.........
.......#######.........#.......##
............#.(......).........#


There were no monsters in sight!

Vanquished Creatures
  2 scorpions (D:4)
  Jessica (D:2)
  Terence (D:2)
  Robin (D:4)
  2 adders (D:3)
  A worm (D:3)
  An orc (D:3)
  5 bats
  6 endoplasms
  3 giant cockroaches
  10 goblins
  13 hobgoblins
  3 jackals (D:1)
  7 quokkas
  4 ball pythons
  2 frilled lizards
  6 kobolds
  5 rats
73 creatures vanquished.

Notes
Turn   | Place    | Note
-------+----------+-------------------------------------------
     0 | D:1      | Ethylacetat the Octopode Shapeshifter began the quest for
                  | the Orb.
     0 | D:1      | Reached XP level 1. HP: 13/13 MP: 1/1
   102 | D:1      | Reached XP level 2. HP: 8/18 MP: 2/2
   198 | D:1      | Found Murph's Weapon Shop.
   282 | D:1      | Found Ciptok's Assorted Antiques.
   289 | D:1      | Found Vussue Izxo's Weapon Shop.
   518 | D:1      | Reached XP level 3. HP: 23/23 MP: 3/3
   707 | D:2      | Noticed Jessica
   714 | D:2      | Killed Jessica
   757 | D:2      | Reached XP level 4. HP: 29/29 MP: 4/4
   816 | D:2      | Found a faded altar of an unknown god.
  1069 | D:2      | Noticed Terence
  1076 | D:2      | Killed Terence
  1183 | D:2      | Prayed at the altar of an unknown god.
  1183 | D:2      | Became a worshipper of Gozag Ym Sagoz the Greedy
  1429 | D:3      | Reached XP level 5. HP: 35/35 MP: 5/5
  1974 | D:3      | Found a runed translucent door.
  1975 | D:3      | Noticed Crazy Yiuf
  2422 | D:4      | Noticed Robin
  2450 | D:4      | Killed Robin
  2595 | D:4      | Found a staircase to the Ecumenical Temple.
  2681 | D:4      | Reached XP level 6. HP: 39/42 MP: 6/6
  2775 | D:4      | Noticed Sigmund
  2789 | D:4      | Mangled by Sigmund

Illustrated notes

Levels and vault maps discovered:
D:1:      psy_arrival_statuary, layout_basic, serial_shops, shop,
          nicolae_diamond_shop, shop
D:2:      layout_rooms, shapermc_ecumenical_altar_pompeii, minmay_door_square,
          reono_crystal_passage, item_on_display_a, uniq_terence, uniq_jessica
D:3:      layout_loops_corners, uniq_crazy_yiuf_cottage
D:4:      layout_rooms, minmay_temple_entry_offerings, chequers_avenue,
          uniq_robin, uniq_sigmund

Skill      XL: |  1  2  3  4  5 |
---------------+----------------+-----
Fighting       | 2 3 |  3.0
Shapeshifting  | 4 |  4.7
Unarmed Combat | 4 |  4.2
Dodging        | |  2.0

Action                     |  1- 3 |  4- 6 || total
---------------------------+-------+-------++-------
  Melee: Unarmed           |    49 |    98 ||   147
         Constrict         |    13 |    15 ||    28
         Tentacles         |     8 |    12 ||    20
  Evoke: Wand              |       |     3 ||     3
    Use: Potion            |       |     8 ||     8
   Stab: Sleeping          |     6 |     8 ||    14
         Distracted        |       |     1 ||     1
 Armour: Skin              |     7 |    36 ||    43
  Dodge: Dodged            |    24 |    47 ||    71

Table legend: (Time is in decaauts)
 A = Elapsed time spent in this place.
 B = Non-inter-level travel time spent in this place.
 C = Inter-level travel time spent in this place.
 D = Time resting spent in this place.
 E = Time spent auto-exploring this place.
 F = Levels seen in this place.
 G = Mean time per level.
                   A        B        C        D        E       F      G
               +--------+--------+--------+--------+--------+-----+--------+
         Total |   2788 |   2639 |    149 |    242 |   1975 |   4 |  697.0 |
       Dungeon |   2788 |   2639 |    149 |    242 |   1975 |   4 |  697.0 |
               +--------+--------+--------+--------+--------+-----+--------+

Top non-repeatable levels by time:
     D:3: 1163 daAuts
     D:1: 620 daAuts
     D:2: 582 daAuts
     D:4: 422 daAuts
